 Dungeon Crawl Stone Soup version 0.18.1-50-g88ac8fd (webtiles) character file.

1084 simples the Basher (level 8, 0/87 HPs)
             Began as an Ogre Berserker on Sept 25, 2016.
             Was a Priest of Trog.
             Slain by a gnoll
             ... wielding a +0 spear
              (12 damage)
             ... on level 6 of the Dungeon.
             The game lasted 00:07:40 (5506 turns).

simples the Basher (Ogre Berserker)                 Turns: 5506, Time: 00:07:41

Health: 0/87       AC:  4    Str: 24    XL:     8   Next: 30%
Magic:  8/8        EV: 11    Int:  6    God:    Trog [***...]
Gold:   143        SH:  0    Dex: 10    Spells: 0 memorised, 7 levels left

rFire  . . .     SeeInvis .     v - +2 whip (venom)
rCold  . . .     Gourm    .     o - +0 robe
rNeg   . . .     Faith    .     (no shield)
rPois  .         Spirit   .     (helmet restricted)
rElec  .         Dismiss  .     q - +0 cloak
rCorr  .         Reflect  .     (gloves unavailable)
SustAt .         Harm     .     (boots unavailable)
MR     ++...                    (no amulet)
Stlth  +.........               (no ring)
                                (no ring)

@: lethally poisoned (0 -> 0), exhausted, regenerating, slowed, very slow, very
resistant to hostile enchantments, very unstealthy
A: unfitting armour, tough skin 1
a: Berserk, Trog's Hand, Burn Spellbooks, Renounce Religion


You were on level 6 of the Dungeon.
You worshipped Trog.
Trog was most pleased with you.
You were near starving.

You visited 1 branch of the dungeon, and saw 6 of its levels.

You collected 143 gold pieces.

Inventory:

Hand Weapons
 r - a +1 flail of protection
 s - a +2 morningstar of holy wrath
 v - a +2 whip of venom (weapon)
Armour
 o - a +0 robe (worn)
 q - a +0 cloak (worn)
Jewellery
 e - an uncursed ring of see invisible {unknown}
Scrolls
 b - a scroll of identify
 h - a scroll of random uselessness {unknown}
 i - 5 scrolls of remove curse
 k - a scroll of teleportation
 m - 2 scrolls of magic mapping
 u - a scroll of blinking {unknown}
Potions
 a - a potion of berserk rage {unknown}
 d - a potion of might {unknown}
 f - a potion of flight {unknown}
 g - a potion of ambrosia {unknown}
 j - 4 potions of curing
 l - 3 potions of mutation {unknown}
Comestibles
 c - 4 bread rations
 n - a slice of pizza
 p - a meat ration


   Skills:
 + Level 7.3 Fighting
 * Level 9.7 Maces & Flails
 + Level 5.0 Dodging


You had 7 spell levels left.
You didn't know any spells.

Dungeon Overview and Level Annotations

Branches:
Dungeon (6/15)
 Temple: D:4-7

Altars:
Cheibriados
Sif Muna


Innate Abilities, Weirdness & Mutations

You are too large for most types of armour.
You have tough skin (AC +1).


Message History

Found a whip.
You feel sick.
You see here a leather armour.
You hear the slow rusting of a very distant drain.
You feel sick.
You feel sick.
A gnoll comes into view. It is wielding a spear.
You feel sick.
The gnoll hits you from afar with a spear!
* * * LOW HITPOINT WARNING * * *
The gnoll barely misses you.
Your skin crawls.
You feel resistant to hostile enchantments.
You feel slightly more hungry.
You are near starving!
The gnoll hits you from afar with a spear!
* * * LOW HITPOINT WARNING * * *
You feel sick.
The gnoll hits you from afar with a spear!
You die...

#. #.#####
####.....###
...........#
...........#
...........# .
...........# ...
.........####)....
.......[.@.g......
........####......
.......)### .....
.......).(# ....
........[<# ###
........†.#
..........#
......)...#
..........#


You could see a gnoll.

Vanquished Creatures
  The ghost of Duraxyll the Ducker, an amateur MfBe of Trog (D:3)
  A hippogriff (D:4)
  A sky beast (D:5)
  A centaur (D:6)
  A howler monkey (D:5)
  A crimson imp (D:5)
  3 hounds
  A gnoll shaman (D:6)
  3 orc wizards (D:4)
  Jessica (D:2)
  Terence (D:3)
  2 worker ants (D:4)
  A hound zombie (D:5)
  3 gnolls (D:6)
  6 adders
  2 adder skeletons (D:4)
  3 worms
  2 dart slugs (D:1)
  3 giant geckos
  10 orcs
  10 bats
  A giant cockroach (D:3)
  8 hobgoblins
  13 jackals
  8 kobolds
  A quokka (D:2)
  A ball python (D:1)
  6 giant newts
  13 goblins
  6 rats
114 creatures vanquished.

Notes
Turn   | Place    | Note
--------------------------------------------------------------
     0 | D:1      | simples the Ogre Berserker began the quest for the Orb.
     0 | D:1      | Reached XP level 1. HP: 24/24 MP: 1/1
    74 | D:1      | Reached XP level 2. HP: 30/32 MP: 2/2
   954 | D:1      | Reached XP level 3. HP: 37/40 MP: 3/3
  1182 | D:2      | Reached ** piety under Trog
  1449 | D:2      | Reached skill level 5 in Maces & Flails
  1514 | D:2      | Reached XP level 4. HP: 26/49 MP: 4/4
  2231 | D:2      | Noticed Jessica
  2236 | D:2      | Killed Jessica
  2236 | D:2      | Reached skill level 5 in Fighting
  2329 | D:2      | Found a deep blue altar of Sif Muna.
  2517 | D:2      | Reached XP level 5. HP: 47/57 MP: 5/5
  2841 | D:3      | Noticed Duraxyll's ghost (amateur MfBe)
  3275 | D:3      | Killed Duraxyll's ghost
  3275 | D:3      | Reached skill level 7 in Maces & Flails
  3275 | D:3      | Reached XP level 6. HP: 67/67 MP: 6/6
  3492 | D:3      | Noticed Terence
  3503 | D:3      | Killed Terence
  3823 | D:3      | Reached *** piety under Trog
  4267 | D:4      | Reached XP level 7. HP: 75/75 MP: 7/7
  4706 | D:4      | Noticed a hippogriff
  4717 | D:4      | Killed a hippogriff
  4717 | D:4      | Reached skill level 8 in Maces & Flails
  5161 | D:5      | Entered Level 5 of the Dungeon
  5238 | D:5      | Found a snail-covered altar of Cheibriados.
  5258 | D:5      | Reached skill level 9 in Maces & Flails
  5258 | D:5      | Reached XP level 8. HP: 69/84 MP: 8/8
  5454 | D:6      | Reached skill level 5 in Dodging
  5506 | D:6      | Slain by a gnoll

Skill      XL: |  1  2  3  4  5  6  7  8 |
---------------+-------------------------+-----
Dodging        | 3 4 5 |  5.0
Maces & Flails | 5 7 9 |  9.7
Fighting       | 5 6 7 |  7.3

Action                   |  1- 3 |  4- 6 |  7- 9 || total
-------------------------+-------+-------+-------++-------
Melee: Mace              |   124 |    92 |       ||   216
       Flail             |       |    62 |   107 ||   169
Invok: Berserk           |     4 |     3 |     2 ||     9
       Trog's Hand       |     1 |     3 |     1 ||     5
  Use: Scroll            |       |     5 |       ||     5
 Stab: Sleeping          |       |     2 |       ||     2
  Eat: Chunk             |     5 |     8 |     5 ||    18
       Meat ration       |       |     1 |       ||     1
Armor: Animal skin       |    46 |     2 |       ||    48
       Robe              |       |    66 |    54 ||   120
Dodge: Dodged            |    88 |    99 |    87 ||   274
